 Dungeon Crawl Stone Soup version 0.31-a0-925-g0a390f2509 (webtiles) character file.

Game seed: 8510674836152497736

12657 AppTheSpectato the Spear-Bearer (level 11, -4/94 HPs)
             Began as a Minotaur Gladiator on Oct 18, 2023.
             Was a Believer of Yredelemnul.
             Slain by a death yak (9 damage)
             ... on level 1 of the Lair of Beasts.
             The game lasted 01:02:44 (10627 turns).

AppTheSpectato the Spear-Bearer (MiGl)             Turns: 10627, Time: 01:02:45

Health: -4/94      AC: 11    Str: 21    XL:     11   Next: 65%
Magic:  17/18      EV: 13    Int:  3    God:    Yredelemnul [**....]
Gold:   548        SH:  0    Dex: 14    Spells: 10/10 levels left

rFire   + + +        n - +7 trident (venom)
rCold   + . .        (no shield)
rNeg    . . .        L - +3 scale mail of Complete Protection {rElec rF+++ rC+ Int-2}
rPois   +            q - +0 hat
rElec   +            (no cloak)
rCorr   .            w - +1 pair of gloves
SInv    .            (no boots)
Will    .....        p - amulet of regeneration Stlth
                     l - +4 ring of slaying
HPRegen 1.15/turn    m - ring of poison resistance
MPRegen 0.16/turn

%: no passive effects
@: no status effects
A: horns 2, retaliatory headbutt
a: Renounce Religion, Recall Undead Harvest, Dark Bargain


You were on level 1 of the Lair of Beasts.
You worshipped Yredelemnul.
Yredelemnul was aware of your devotion.
You visited 3 branches of the dungeon, and saw 12 of its levels.
You also visited: Ossuary.

You collected 548 gold pieces.

Inventory:

Hand Weapons
 a - a +0 war axe
 k - the +7 short sword "Meell" {antimagic, Str+4}
   (You found it on level 4 of the Dungeon)

   Str+4:     It affects your strength (+4).
 n - a +7 trident of venom (weapon)
 D - the +10 falchion of Spontaneous Combustion {distort, rElec rN+ Str-4 Dex+4}
   (You found it on level 6 of the Dungeon)

   Str-4:     It affects your strength (-4).
   Dex+4:     It affects your dexterity (+4).
   rElec:     It insulates you from electricity.
   rN+:       It protects you from negative energy.
Missiles
 d - 2 atropa-tipped darts
 e - a javelin
 t - 6 curare-tipped darts
 G - a throwing net
 J - 12 poisoned darts
Armour
 c - the +2 leather armour of Xesuommets {rN+ Will+ Str+2}
   (You found it on level 4 of the Dungeon)

   Str+2:     It affects your strength (+2).
   rN+:       It protects you from negative energy.
   Will+:     It increases your willpower.
 q - a +0 hat (worn)
 w - a +1 pair of gloves (worn)
 F - a +2 robe of cold resistance
 L - the +3 scale mail of Complete Protection (worn) {rElec rF+++ rC+ Int-2}
   (You found it on level 8 of the Dungeon)

   Int-2:     It affects your intelligence (-2).
   rF+++:     It renders you almost immune to fire.
   rC+:       It protects you from cold.
   rElec:     It insulates you from electricity.
 Q - an orb of mayhem
Magical Staves
 W - a staff of earth
Jewellery
 l - a +4 ring of slaying (left hand)
 m - a ring of poison resistance (right hand)
 o - a ring of wizardry
 p - an amulet of regeneration (around neck)
 I - a +6 ring of intelligence
 U - an amulet of the acrobat
 X - a ring of protection from fire
Talismans
 H - a serpent talisman
Wands
 C - a wand of quicksilver (13) (quivered)
 R - a wand of mindburst (2)
 V - a wand of flame (12)
Scrolls
 g - a scroll of blinking
 h - 2 scrolls of amnesia
 v - 2 scrolls of poison
 x - a scroll of noise {unknown}
 y - 2 scrolls of enchant weapon {unknown}
 A - a scroll of immolation {unknown}
 B - 4 scrolls of torment {unknown}
 E - 4 scrolls of teleportation
 K - 2 scrolls of vulnerability
 O - 3 scrolls of fog {unknown}
 S - a scroll of enchant armour {unknown}
 T - a scroll of fear {unknown}
 Y - a scroll of identify
Potions
 b - 2 potions of enlightenment
 f - 5 potions of haste
 i - a potion of heal wounds
 j - 6 potions of curing
 r - 2 potions of lignification
 s - a potion of ambrosia
 u - 2 potions of mutation
 z - 3 potions of brilliance
 M - a potion of berserk rage
 N - a potion of cancellation
 P - a potion of might {unknown}


   Skills:
 - Level 8.0 Fighting
 - Level 5.7(10.4) Axes
 - Level 13.5(14.0) Polearms
 - Level 2.1 Throwing
 - Level 8.0 Dodging
 + Level 11.2 Invocations


You had 10 spell levels left.
You didn't know any spells.
Your spell library contained the following spells:

 Spells                   Type           Power      Damage    Failure   Level
 Apportation              Tloc           0%         N/A       87%         1
 Necrotise                Necr           0%         1d4       87%         1
 Shock                    Conj/Air       0%         1d3       87%         1
 Summon Small Mammal      Summ           0%         N/A       87%         1
 Sublimation of Blood     Necr           0%         N/A       95%         2
 Call Canine Familiar     Summ           0%         N/A       99%         3
 Summon Guardian Golem    Hex/Summ       0%         N/A       99%         3
 Tukima's Dance           Hex            0%         N/A       99%         3
 Volatile Blastmotes      Fire/Tloc      0%         2d10      99%         3
 Dimensional Bullseye     Hex/Tloc       0%         N/A       100%        4
 Fulminant Prism          Conj/Hex       0%         3d5       100%        4
 Iskenderun's Mystic Bla  Conj/Tloc      0%         2d3       100%        4
 Petrify                  Tmut/Erth      0%         N/A       100%        4
 Irradiate                Conj/Tmut      0%         3d11      100%        5


Dungeon Overview and Level Annotations

Branches:
Dungeon (10/15)            Temple (1/1) D:7            Lair (1/5) D:9
Ossuary (visited)
    Orc: D:9-12

Altars:
Ashenzari
Cheibriados
Dithmenos
Elyvilon
Fedhas
Gozag
Hepliaklqana
Kikubaaqudgha
Makhleb
Nemelex Xobeh
Okawaru
Qazlal
Ru
Sif Muna
Trog
Uskayaw
Vehumet
Wu Jian
Xom
Yredelemnul
Zin
The Shining One

Shops:
D:8 :

Annotations:
D:10 2 runed translucent doors, Pooter's ghost, journeyman MiBe


Innate Abilities, Weirdness & Mutations

You have a pair of horns on your head.
You reflexively headbutt those who attack you in melee.


Message History

You puncture the death yak!
The death yak looks as sick as possible!
The death yak is almost dead.
Your bound centaur warrior hits the death yak!
The death yak dies!
The death yak gores you!!
Unknown command.
You hit the death yak.
The death yak is poisoned.
You headbutt the death yak.
The death yak is almost dead.
Your bound centaur warrior wields a +0 shortbow.
Your bound centaur warrior shoots an arrow.
The arrow hits the death yak!
The death yak dies!
The death yak gores you.
Your Invocations skill increases to level 11!
You puncture the death yak!
The death yak is poisoned.
The death yak is moderately wounded.
Your bound centaur warrior unwields a +0 shortbow.
Your bound centaur warrior hits the death yak but does no damage.
Your bound centaur warrior kicks the death yak but does no damage.
Unknown command.
You completely miss the death yak. You headbutt the death yak!
The death yak is lightly wounded.
The death yak gores you!!
* * * LOW HITPOINT WARNING * * *
The death yak gores you!
* * * LOW HITPOINT WARNING * * *
Your bound centaur warrior wields a +0 shortbow.
Your bound centaur warrior shoots an arrow.
The arrow hits the death yak!
You swap places.
Your bullfrog zombie barely misses the death yak.
The death yak gores your bullfrog zombie!
Your bullfrog zombie is destroyed!
Your bound centaur warrior shoots an arrow.
The arrow hits the death yak!
The death yak attacks as it pursues you!
The death yak gores you!
You die...
Your body rises from the dead as a mindless zombie.

#...Z#.### ###.
##..##### ##
#...##.# ## #
##....## #.###
..#####
##....###.#...
.......##
###...>......
#..Y.##
##..........
####YZ#
##..........#
##@####..###....###
#.Z.P..### #..#..#
#####....## #.#####
#.......## ..#
#####...# ### #.###
###


You could see 2 death yaks, a friendly bound centaur warrior and a friendly yak
zombie.

Vanquished Creatures
  A two-headed ogre (D:10)
  A death yak (Lair:1)
  Joseph (D:7)
  Jeremiah (D:9)
  2 komodo dragons
  A troll (D:9)
  A hornet (D:9)
  A blink frog (Lair:1)
  3 wyverns
  10 yaks
  2 vampire mosquitoes (D:7)
  Edmund (D:7)
  3 water moccasins
  3 sky beasts
  An orc warrior (D:7)
  An ice beast (D:6)
  4 black bears
  2 centaurs
  An ogre (D:5)
  A phantom (D:5)
  3 bullfrogs
  2 kobold brigands
  Blork the orc (D:4)
  2 elf zombies (Ossuary)
  7 scorpions
  8 wights
  3 killer bees (D:8)
  9 howler monkeys (D:8)
  A vampire bat (D:4)
  A centaur zombie (Ossuary)
  A human zombie (Ossuary)
  2 jellies
  3 hounds
  4 orc priests
  3 iguanas
  11 orc wizards
  2 mummies (Ossuary)
  Robin (D:2)
  6 gnolls
  12 adders
  A shadow imp (D:5)
  2 white imps
  An adder zombie (D:2)
  An adder skeleton (D:2)
  3 dart slugs
  3 fire bats (D:4)
  43 orcs
  2 spectral bats (D:4)
  11 bats
  4 bat skeletons
  5 endoplasms
  2 giant cockroaches
  14 goblins
  10 hobgoblins
  5 quokkas
  2 ball pythons
  A ball python skeleton (D:2)
  5 frilled lizards
  A goblin zombie (Ossuary)
  12 hobgoblin zombies (Ossuary)
  A jackal zombie (Ossuary)
  14 kobolds
  12 kobold zombies (Ossuary)
  6 orc zombies (Ossuary)
  A quokka skeleton (D:2)
  11 rats
  A rat zombie (Ossuary)
297 creatures vanquished.

Vanquished Creatures (collateral kills)
  2 death yaks (Lair:1)
  3 blink frogs (Lair:1)
  Sigmund (D:7)
  4 yaks
  A vampire mosquito (D:7)
  An ice beast (D:7)
  An orc warrior (D:7)
  2 centaurs
  A gnoll sergeant (D:9)
  A jelly (D:5)
  A killer bee (D:8)
  An orc priest (D:9)
  9 orcs
  A ball python (D:4)
  2 bats (D:4)
  A bat zombie (D:4)
  A bat simulacrum (D:4)
  6 kobolds
39 creatures vanquished.

Vanquished Creatures (others)
  A wyvern zombie (D:9)
  A yak zombie (D:10)
  A bullfrog zombie (Lair:1)
  A killer bee zombie (D:8)
  A gnoll zombie (D:9)
  2 adder zombies (D:4)
  2 bat zombies (D:4)
  A fire bat zombie (D:4)
  A ball python zombie (D:4)
  A giant cockroach zombie (D:4)
  4 kobold zombies
  5 orc zombies
21 creatures vanquished.

Grand Total: 357 creatures vanquished

Notes
Turn   | Place    | Note
-------+----------+-------------------------------------------
     0 | D:1      | AppTheSpectato the Minotaur Gladiator began the quest for
                  | the Orb.
     0 | D:1      | Reached XP level 1. HP: 18/18 MP: 0/0
    53 | D:1      | Found a faded altar of an unknown god.
    63 | D:1      | Got Plato's Almanac of the Brume
    93 | D:1      | Reached XP level 2. HP: 18/25 MP: 1/1
   748 | D:1      | Reached XP level 3. HP: 30/30 MP: 2/2
   842 | D:1      | Reached skill level 5 in Axes
  1303 | D:2      | Noticed Robin
  1313 | D:2      | Killed Robin
  1330 | D:2      | Reached XP level 4. HP: 12/37 MP: 3/3
  1608 | D:2      | Reached skill level 1 in Polearms
  1651 | D:2      | Found a snail-covered altar of Cheibriados.
  1969 | D:3      | Found a basalt altar of Yredelemnul.
  1980 | D:3      | Reached skill level 2 in Polearms
  1998 | D:3      | Became a worshipper of Yredelemnul the Dark
  2354 | D:3      | Reached skill level 3 in Polearms
  2591 | D:4      | Noticed Blork the orc
  2602 | D:3      | Reached XP level 5. HP: 27/42 MP: 2/4
  2918 | D:4      | Identified the +2 leather armour of Xesuommets {rN+ Will+
                  | Str+2}
  2947 | D:4      | Noticed a black bear
  2954 | D:4      | Killed a black bear
  2954 | D:4      | Reached * piety under Yredelemnul
  2955 | D:4      | Reached skill level 5 in Polearms
  3078 | D:4      | Killed Blork the orc
  3079 | D:4      | Reached XP level 6. HP: 15/50 MP: 5/5
  3274 | D:4      | Reached skill level 6 in Polearms
  3306 | D:4      | Reached ** piety under Yredelemnul
  3357 | D:4      | Reached skill level 7 in Polearms
  3366 | D:4      | Identified the +7 short sword "Meell" {antimagic, Str+4}
  3566 | D:5      | Entered Level 5 of the Dungeon
  3576 | D:5      | Reached XP level 7. HP: 53/56 MP: 6/6
  3666 | D:5      | Reached skill level 8 in Polearms
  3677 | D:5      | Found a sand-covered staircase.
  3689 | Ossuary  | Entered an ossuary
  3812 | Ossuary  | Reached skill level 9 in Polearms
  3955 | D:5      | Reached skill level 10 in Polearms
  3955 | D:5      | Reached XP level 8. HP: 43/62 MP: 7/7
  4386 | D:5      | Reached skill level 11 in Polearms
  4755 | D:5      | Reached skill level 1 in Invocations
  4909 | D:5      | Reached *** piety under Yredelemnul
  5168 | D:5      | Found a glowing silver altar of Zin.
  5169 | D:5      | Found an iron altar of Okawaru.
  5170 | D:5      | Found a radiant altar of Vehumet.
  5171 | D:5      | Found a sparkling altar of Nemelex Xobeh.
  5752 | D:6      | Reached skill level 5 in Invocations
  5752 | D:6      | Reached XP level 9. HP: 62/68 MP: 11/11
  5766 | D:6      | Identified the +10 falchion of Spontaneous Combustion
                  | {distort, rElec rN+ Str-4 Dex+4}
  6458 | D:6      | Found a stormy altar of Qazlal.
  6480 | D:6      | Found a burning altar of Makhleb.
  6482 | D:6      | Found a shimmering altar of Xom.
  6482 | D:6      | Found an opulent altar of Gozag.
  6485 | D:6      | Found an ornate altar of the Wu Jian Council.
  6487 | D:6      | Found a blossoming altar of Fedhas.
  7079 | D:7      | Noticed Joseph
  7098 | D:7      | Killed Joseph
  7099 | D:7      | Reached skill level 5 in Fighting
  7111 | D:7      | Found a staircase to the Ecumenical Temple.
  7251 | D:7      | Reached XP level 10. HP: 73/86 MP: 15/15
  7334 | D:7      | Reached **** piety under Yredelemnul
  7444 | D:7      | Reached ***** piety under Yredelemnul
  7528 | D:7      | Noticed Sigmund
  7540 | D:7      | Killed Sigmund
  7568 | D:7      | Noticed Edmund
  7574 | D:7      | Killed Edmund
  7682 | D:8      | Found a snail-covered altar of Cheibriados.
  7682 | D:8      | Found Mom Keon's Book Emporium.
  7703 | D:8      | Reached skill level 5 in Dodging
  7944 | D:8      | Identified the +3 scale mail of Complete Protection {rElec
                  | rF+++ rC+ Int-2}
  8009 | D:8      | Found the +6 lightning scales {swift, rElec}
  8285 | D:9      | Noticed Jeremiah
  8289 | D:9      | Reached skill level 12 in Polearms
  8310 | D:9      | Killed Jeremiah
  8548 | D:9      | Reached skill level 13 in Polearms
  8552 | D:9      | Reached ****** piety under Yredelemnul
  8678 | D:9      | You fall into a shaft and drop 1 floor!
  8678 | D:10     | Entered Level 10 of the Dungeon
  8800 | D:10     | Reached XP level 11. HP: 90/94 MP: 16/16
  8819 | D:10     | Noticed Pooter's ghost (journeyman MiBe)
  8820 | D:10     | Noticed a necromancer
  8820 | D:10     | Noticed a lich
  8821 | D:10     | Noticed a five-headed hydra
  8821 | D:10     | Noticed a harpy
  8821 | D:10     | Noticed a centaur warrior
  8821 | D:10     | Noticed a skeletal warrior
  8823 | D:10     | Noticed a skeletal warrior
  8894 | D:10     | Found a runed translucent door.
  8905 | D:10     | Found a runed translucent door.
  8980 | D:10     | Noticed a two-headed ogre
  8990 | D:10     | Killed a two-headed ogre
  9539 | D:10     | Noticed a centaur warrior
  9558 | D:10     | Killed a centaur warrior
  9558 | D:10     | Charmed a centaur warrior
  9944 | D:9      | Found a staircase to the Lair.
 10147 | Lair:1   | Entered Level 1 of the Lair of Beasts
 10211 | Temple   | Entered the Ecumenical Temple
 10482 | Lair:1   | Reached skill level 10 in Invocations
 10600 | Lair:1   | Noticed a death yak
 10602 | Lair:1   | Noticed a death yak
 10603 | Lair:1   | Noticed a death yak
 10605 | Lair:1   | Noticed a death yak
 10605 | Lair:1   | Noticed a death yak
 10621 | Lair:1   | Killed a death yak
 10623 | Lair:1   | Killed a death yak
 10624 | Lair:1   | Killed a death yak
 10626 | Lair:1   | HP: 4/94 [death yak (16)]
 10627 | Lair:1   | Slain by a death yak

Illustrated notes

Levels and vault maps discovered:
D:1:      lightli_arrival_farm, layout_basic,
          shapermc_ecumenical_altar_rom_forum, minivault_25, minmay_tall_x
D:2:      layout_loops_corners, basic_altar, serial_undead, serial_undead_d,
          serial_undead_c, serial_undead_a, serial_undead_d, uniq_robin
D:3:      layout_loops_cross, overflow_temple_1_default
D:4:      layout_loops_cross, goddamned_bats, uniq_blork_the_orc
D:5:      minmay_skewed_foursquare, layout_basic, mainiacjoe_overflow_alcove_3,
          nicolae_ossuary_entry_ruins, nicolae_tricolors
D:6:      layout_layer_cave, minitemple
D:7:      layout_gridville, minmay_temple_entry_offerings,
          sigmund_edmund_badplayer, uniq_joseph
D:8:      layout_rooms, lemuel_crystal_altar, serial_shops, shop,
          grunt_ministairs_1
D:9:      layout_rooms, david_lair_shrubbed, uniq_jeremiah
D:10:     layout_roguey, muffindrake_ghost_dual_entry,
          nicolae_concentric_dashed_squares_wild, kennysheep_cross_room,
          corexii_checkpoint_b
Temple:   hellmonk_temple_flake
Lair:1:   layout_layer_cave, beast_lair_carwin_11

Skill      XL: |  1  2  3  4  5  6  7  8  9 10 11 |
---------------+----------------------------------+-----
Axes           | 4 5 |  5.7
Polearms       | 3 5 7 10 11 13 | 13.5
Invocations    | 5 8 11 | 11.2
Fighting       | 7 8 |  8.0
Dodging        | 8 |  8.0
Throwing       | |  2.1

Action                     |  1- 3 |  4- 6 |  7- 9 | 10-12 || total
---------------------------+-------+-------+-------+-------++-------
  Melee: War axe           |    80 |       |       |       ||    80
         Headbutt          |    10 |     5 |    38 |    38 ||    91
         Trident           |       |    75 |   215 |   188 ||   478
         Punch             |       |       |     1 |     2 ||     3
  Throw: Throwing net      |       |     6 |     1 |       ||     7
 Invoke: Recall Undead Har |       |     1 |     5 |    12 ||    18
         Dark Bargain      |       |       |    10 |       ||    10
         Bind Soul         |       |       |       |     3 ||     3
    Use: Scroll            |     1 |     5 |     7 |     2 ||    15
   Stab: Held in net/web   |       |     3 |       |       ||     3
         Distracted        |       |       |     3 |     3 ||     6
 Armour: Leather armour    |    44 |    59 |   107 |    18 ||   228
         Scale mail        |       |       |       |    90 ||    90
  Dodge: Dodged            |    53 |    54 |   104 |    89 ||   300

Table legend: (Time is in decaauts)
 A = Elapsed time spent in this place.
 B = Non-inter-level travel time spent in this place.
 C = Inter-level travel time spent in this place.
 D = Time resting spent in this place.
 E = Time spent auto-exploring this place.
 F = Levels seen in this place.
 G = Mean time per level.
                   A        B        C        D        E       F      G
               +--------+--------+--------+--------+--------+-----+--------+
         Total |  10550 |   9900 |    650 |   1260 |   5120 |  13 |  811.5 |
       Dungeon |   9956 |   9314 |    642 |   1236 |   4930 |  10 |  995.6 |
        Temple |      1 |      0 |      1 |      0 |      0 |   1 |    1.0 |
          Lair |    357 |    352 |      5 |     24 |    172 |   1 |  357.0 |
       Ossuary |    234 |    234 |      0 |      0 |     18 |   1 |  234.0 |
               +--------+--------+--------+--------+--------+-----+--------+

Top non-repeatable levels by time:
     D:5: 1628 daAuts
     D:6: 1190 daAuts
    D:10: 1158 daAuts
     D:1: 1128 daAuts
     D:7: 1050 daAuts
     D:4: 937 daAuts
     D:2: 846 daAuts
     D:9: 745 daAuts
     D:3: 697 daAuts
     D:8: 572 daAuts
  Lair:1: 357 daAuts
 Ossuary: 234 daAuts
  Temple: 1 daAuts
